 Dungeon Crawl Stone Soup version 0.17-a0-1069-g92ad481 (webtiles) character file.

284 halfnothing the Cudgeler (level 6, 0/37 HPs)
             Began as a Gargoyle Fighter on May 17, 2015.
             Slain by a rat (2 damage)
             ... in a sewer.
             The game lasted 00:07:04 (2328 turns).

halfnothing the Cudgeler (Gargoyle Fighter)         Turns: 2328, Time: 00:07:04

Health: 0/37       AC: 11    Str: 22    XL:     6   Next: 29%
Magic:  15/15      EV:  4    Int:  8    God:
Gold:   141        SH:  9    Dex:  9    Spells: 0 memorised, 5 levels left

rFire  . . .     SeeInvis .     y - +0 morningstar
rCold  . . .     Clarity  +     b - +0 scale mail
rNeg   + . .     SustAb   .     c - +0 shield
rPois  ∞         Gourm    .     (no helmet)
rElec  +         Spirit   .     (no cloak)
rCorr  .         Warding  .     (no gloves)
rMut   .         Stasis   .     (no boots)
MR     .....                    k - amulet of clarity
Stlth  ..........               (no ring)
                                q - ring of magical power

@: constricted, not resistant to hostile enchantments, extremely unstealthy
A: negative energy resistance 1, electricity resistance, unbreathing,
petrification resistance, rot immunity, AC +4
a: no special abilities


You were in a sewer.
You were not hungry.

You visited 1 branch of the dungeon, and saw 4 of its levels.
You also visited: Sewer.

You collected 141 gold pieces.

Inventory:

Hand weapons
 y - a +0 morningstar (weapon)
Armour
 b - a +0 scale mail (worn)
 c - a +0 shield (worn)
Jewellery
 k - an amulet of clarity (around neck)
 q - a ring of magical power (left hand)
Magical devices
 a - a wand of slowing (31)
Scrolls
 f - a scroll of amnesia {unknown}
 g - 2 scrolls of magic mapping {unknown}
 h - 4 scrolls of remove curse {unknown}
 i - 6 scrolls of identify {unknown}
 l - 2 scrolls of teleportation {unknown}
 o - 2 scrolls of fog {unknown}
 p - a scroll of fear {unknown}
 w - 2 scrolls of blinking {unknown}
 x - 2 scrolls of recharging {unknown}
Potions
 d - a potion of might
 j - a potion of agility {unknown}
 m - a potion of lignification {unknown}
 r - a potion of haste {unknown}
 s - 2 potions of curing {unknown}
 u - a potion of poison {unknown}
 v - a potion of resistance {unknown}
Comestibles
 e - 4 bread rations
 n - a beef jerky
 t - 2 meat rations
 z - a royal jelly
 A - a chunk of flesh


   Skills:
 - Level 3.2 Fighting
 + Level 6.4 Maces & Flails
 - Level 3.2 Armour
 - Level 3.2 Shields


You had 5 spell levels left.
You didn't know any spells.

Dungeon Overview and Level Annotations

Branches:
Dungeon (4/15)
 Temple: D:4-7

Altars:
Cheibriados
Sif Muna
Yredelemnul


Innate Abilities, Weirdness & Mutations

You are resistant to torment.
Your stone body is resilient (AC +4).
You are immune to poison.
You resist negative energy.
You are resistant to electric shocks.
You can survive without breathing.
You are immune to petrification.
You are immune to rotting.


Message History

* * * LOW HITPOINT WARNING * * *
The rat bites you.
* * * LOW HITPOINT WARNING * * *
The rat bites you but does no damage.
You closely miss the rat. You block the ball python's attack.
The ball python constricts you.
The rat splashes around in the water.
The rat bites you but does no damage. The ball python bites you.
* * * LOW HITPOINT WARNING * * *
The ball python constricts you. The rat bites you but does no damage.
You hit the rat.
You kill the rat!
The rat twitches its whiskers.
The rat bites you but does no damage.
The ball python bites you but does no damage.
The ball python constricts you. The rat bites you but does no damage.
You barely miss the rat.
The ball python bites you but does no damage.
* * * LOW HITPOINT WARNING * * *
The ball python constricts you. The rat bites you.
You die...

################### # #
# # ###################
≈≈≈≈≈≈≈≈≈.≈≈≈≈≈r@†###
≈≈≈≈≈≈≈≈...≈≈≈≈Sr...#
≈≈≈≈≈≈≈....≈≈≈≈≈.....#
≈≈≈≈≈≈≈≈.).†≈≈≈≈......#
≈≈≈≈≈≈≈≈...≈≈≈≈≈......#
≈≈≈≈≈≈≈≈≈.≈≈≈≈≈≈.......#
##################.....#
#....# ...


You could see a ball python and 2 rats.

Vanquished Creatures
  A crimson imp (D:3)
  Natasha (thrice) (D:2)
  5 adders
  A gnoll (D:3)
  6 river rats (Sewer)
  An ooze (D:2)
  A worm (D:2)
  3 giant geckos
  An orc (D:3)
  5 ball pythons
  7 bats
  7 giant cockroaches
  12 goblins
  11 hobgoblins
  4 jackals
  A quokka (D:2)
  12 giant newts
  6 kobolds (D:1)
  24 rats
  A spectral orc (D:3)
112 creatures vanquished.

Notes
Turn   | Place    | Note
--------------------------------------------------------------
     0 | D:1      | halfnothing the Gargoyle Fighter began the quest for the Orb.
     0 | D:1      | Reached XP level 1. HP: 14/14 MP: 1/1
    50 | D:1      | Reached XP level 2. HP: 13/19 MP: 2/2
   235 | D:1      | Reached XP level 3. HP: 16/23 MP: 3/3
   541 | D:2      | Found a deep blue altar of Sif Muna.
   708 | D:2      | Noticed Natasha
   720 | D:2      | Killed Natasha
   720 | D:2      | Reached skill level 4 in Maces & Flails
   720 | D:2      | Reached XP level 4. HP: 9/28 MP: 4/4
   914 | D:2      | Noticed Natasha
   920 | D:2      | Killed Natasha
   963 | D:2      | Noticed Natasha
   966 | D:2      | Killed Natasha
  1365 | D:3      | Reached skill level 5 in Maces & Flails
  1365 | D:3      | Reached XP level 5. HP: 32/32 MP: 5/5
  1455 | D:3      | Found a snail-covered altar of Cheibriados.
  1532 | D:3      | Found a basalt altar of Yredelemnul.
  1729 | D:4      | Found a glowing drain.
  1792 | Sewer    | Entered a sewer
  1941 | Sewer    | Reached skill level 6 in Maces & Flails
  1953 | Sewer    | Reached XP level 6. HP: 27/37 MP: 6/6
  2328 | Sewer    | Slain by a rat

Vault maps used:
D:1:      grunt_arrival_lava_bath, minmay_misc_feat_enclosed, minmay_lizard_king
D:2:      led_sif_pool, uniq_natasha
D:3:      cheibriados_altar_wand_db, yredelemnul_forgotten_temple_becter
D:4:      first_bread, gup_sewer_entry_glass, kennysheep_generic_room_16,
          uniq_grinder, uniq_edmund
Sewer:    sewer_minmay_w

Action                   |  1- 3 |  4- 6 || total
-------------------------+-------+-------++-------
Melee: Flail             |   134 |    77 ||   211
       Morningstar       |       |   196 ||   196
  Eat: Chunk             |       |     5 ||     5
       Bread ration      |       |     1 ||     1
